 Dungeon Crawl Stone Soup version 0.31.0-9-g3a7656b989 (webtiles) character file.

Game seed: 15700200755280917876

120 qw the Shooter (level 4, -2/23 HPs)
             Began as a Spriggan Hunter on Feb 2, 2024.
             Slain by a kobold brigand
             ... wielding a +0 club
              (7 damage)
             ... on level 3 of the Dungeon.
             The game lasted 00:00:08 (2272 turns).

qw the Shooter (Spriggan Hunter)                    Turns: 2272, Time: 00:00:09

Health: -2/23      AC:  3    Str:  7    XL:     4   Next: 75%
Magic:  5/5        EV: 20    Int: 10    God:
Gold:   83         SH:  0    Dex: 20    Spells: 3/3 levels left

rFire   . . .        a - +0 shortbow
rCold   . . .        (shield currently unavailable)
rNeg    . . .        c - +0 robe
rPois   .            (helmet restricted)
rElec   .            d - +0 cloak
rCorr   .            (gloves unavailable)
SInv    +            (boots unavailable)
Will    .....        h - amulet of the acrobat
Stlth   ++           (no ring)
HPRegen 0.23/turn    (no ring)
MPRegen 0.09/turn

%: acrobat
@: about to teleport, very quick
A: very small, no large weapons, unfitting armour, see invisible, speed 3
a: no special abilities


You were on level 3 of the Dungeon.
You visited 1 branch of the dungeon, and saw 3 of its levels.

You collected 183 gold pieces.
You spent 100 gold pieces at shops.


Innate Abilities, Weirdness & Mutations

You are very small and have problems with some larger weapons.
You are too small for most types of armour.
You have supernaturally acute eyesight. (SInv)
You cover ground extremely quickly. (Speed+++)


   Skills:
 - Level 2.0 Fighting
 + Level 5.0 Ranged Weapons
 - Level 5.0 Dodging
 - Level 1.5 Stealth


You had 3 spell levels left.
You didn't know any spells.
Your spell library was empty.

Inventory:

Hand Weapons
 a - a +0 shortbow (weapon)
Armour
 c - a +0 robe (worn)
 d - a +0 cloak (worn)
Jewellery
 h - an amulet of the acrobat (around neck)
Scrolls
 b - 4 scrolls of identify
 g - a scroll of vulnerability {unknown}
Potions
 e - 3 potions of enlightenment
 f - a potion of might
 i - a potion of invisibility {unknown}

Dungeon Overview and Level Annotations

Branches:
Dungeon (3/15)

Altars:
Ru

Shops:
D:2 ?*(**


Message History

You shoot an arrow.
The arrow barely misses the kobold brigand.
The kobold brigand hits you with a +0 club!
You shoot an arrow.
The arrow closely misses the kobold brigand.
The kobold brigand barely misses you.
You shoot an arrow.
The arrow barely misses the kobold brigand.
The kobold brigand completely misses you.
You shoot an arrow.
The arrow closely misses the kobold brigand.
The kobold brigand misses you.
You shoot an arrow.
The arrow hits the kobold brigand but does no damage.
The kobold brigand is moderately wounded.
The kobold brigand completely misses you.
You shoot an arrow.
The arrow barely misses the kobold brigand.
The kobold brigand barely misses you.
The kobold brigand hits you with a +0 club.
You shoot an arrow. The arrow hits the kobold brigand.
The kobold brigand is heavily wounded.
The kobold brigand barely misses you.
You shoot an arrow.
The arrow barely misses the kobold brigand.
The kobold brigand closely misses you.
You shoot an arrow. The arrow hits the kobold brigand.
The kobold brigand is heavily wounded.
The kobold brigand misses you.
You shoot an arrow. The arrow hits the kobold brigand.
The kobold brigand is severely wounded.
The kobold brigand hits you with a +0 club.
You shoot an arrow.
The arrow barely misses the kobold brigand.
The kobold brigand hits you with a +0 club.
2272 ||| READING scroll of teleportation.
As you read the scroll of teleportation, it crumbles to dust.
You feel strangely unstable.
The kobold brigand hits you with a +0 club!
You die...

#.# # #.# ## #.#
~### ####### #)#
~~~###...K.#####.#
####......)).))..#
....).#####......#
....###~~~######K#
#####~~~~~~~~###@#
...~~~~~~~~~###..#
.#.?...~~~......##
######.....######
#######


You could see a kobold brigand.

Vanquished Creatures
  An orc priest (D:3)
  An adder (D:2)
  3 dart slugs (D:1)
  A ribbon worm (D:3)
  9 orcs (D:3)
  6 bats
  5 endoplasms
  2 giant cockroaches (D:2)
  5 goblins
  7 hobgoblins
  5 ball pythons
  5 frilled lizards
  9 kobolds
  5 rats
64 creatures vanquished.

Notes
Turn   | Place    | Note
-------+----------+-------------------------------------------
     0 | D:1      | qw the Spriggan Hunter began the quest for the Orb.
     0 | D:1      | Reached XP level 1. HP: 10/10 MP: 2/2
     0 | D:1      | 0 ||| qw: Version: 0.3-a-155-g5e7d8dd
     0 | D:1      | 0 ||| qw: Game counter: 2246
     0 | D:1      | 0 ||| qw: Melee chars always use a shield: true
     0 | D:1      | 0 ||| qw: God list: Okawaru
     0 | D:1      | 0 ||| qw: Allow faded altars: false
     0 | D:1      | 0 ||| qw: Do Orc after clearing Dungeon:15 true
     0 | D:1      | 0 ||| qw: Do second Lair branch before Depths: true
     0 | D:1      | 0 ||| qw: Lair rune preference: random
     0 | D:1      | 0 ||| qw: Goals: Normal
     0 | D:1      | 0 ||| PLANNING D:1-11
   105 | D:1      | Reached skill level 3 in Dodging
   129 | D:1      | Reached XP level 2. HP: 14/14 MP: 3/3
   664 | D:1      | 664 ||| UPGRADING to +0 cloak.
   669 | D:1      | 669 ||| UPGRADING to amulet of the acrobat.
   674 | D:1      | 674 ||| READING scroll labelled SOKUSI CAIK.
   675 | D:1      | 675 ||| READING scroll labelled SABLICSOKE.
   675 | D:1      | 675 ||| IDENTIFYING murky sapphire potion
   676 | D:1      | 676 ||| READING scroll labelled MUOT YLUSKEHU.
   680 | D:1      | 680 ||| READING scroll labelled OPROCOYRPHY.
   681 | D:1      | 681 ||| DRINKING 2 silvery potions.
   682 | D:1      | 682 ||| DROPPING scroll of butterflies.
   683 | D:1      | 683 ||| DROPPING potion of berserk rage.
   714 | D:2      | Found Gaero's Antique Weapon Boutique.
   732 | D:2      | Found Ufiumn's General Store.
   739 | D:2      | 739 ||| SHOPLISTING scroll of enchant armour (105 gold,
                  | have 89).
   739 | D:2      | 739 ||| BUYING scroll of identify (28 gold).
   739 | D:2      | Bought a scroll of identify for 28 gold pieces
   739 | D:2      | 739 ||| BUYING scroll of identify (28 gold).
   739 | D:2      | Bought a scroll of identify for 28 gold pieces
   739 | D:2      | 739 ||| SHOPLISTING wand of mindburst (15) (294 gold, have
                  | 33).
  1015 | D:2      | Found Zuoh's General Store.
  1018 | D:2      | 1018 ||| BUYING potion of might (44 gold).
  1018 | D:2      | Bought a potion of might for 44 gold pieces
  1018 | D:2      | 1018 ||| SHOPLISTING scroll of identify (22 gold, have 17).
  1022 | D:2      | Reached XP level 3. HP: 18/18 MP: 4/4
  1037 | D:2      | Found a sacrificial altar of Ru.
  1219 | D:2      | Found Kibbit's General Store.
  1224 | D:2      | 1224 ||| SHOPLISTING +2 robe of cold resistance (230 gold,
                  | have 17).
  1224 | D:2      | 1224 ||| SHOPLISTING potion of enlightenment (65 gold, have
                  | 17).
  1457 | D:2      | Found Cute's Magic Scroll Emporium.
  1467 | D:2      | 1467 ||| SHOPLISTING scroll of enchant weapon (90 gold,
                  | have 17).
  1467 | D:2      | 1467 ||| SHOPLISTING scroll of identify (24 gold, have 17).
  1467 | D:2      | 1467 ||| SHOPLISTING scroll of teleportation (36 gold, have
                  | 17).
  1531 | D:2      | 1531 ||| READING 4 scrolls of identify.
  1531 | D:2      | 1531 ||| IDENTIFYING purple potion
  1532 | D:2      | 1532 ||| READING 3 scrolls of identify.
  1532 | D:2      | 1532 ||| IDENTIFYING lumpy black potion
  1533 | D:2      | 1533 ||| DROPPING potion of degeneration.
  1534 | D:2      | 1534 ||| DROPPING potion of brilliance.
  1586 | D:3      | 1586 ||| RETREEEEATING.
  1587 | D:3      | 1587 ||| RETREEEEATING.
  1601 | D:3      | HP: 2/18 [orc priest/divine providence (13)]
  1607 | D:3      | Reached XP level 4. HP: 4/22 MP: 5/5
  1635 | D:3      | 1635 ||| FLEEEEING.
  1637 | D:3      | 1637 ||| FLEEEEING.
  1638 | D:3      | 1638 ||| FLEEEEING.
  2240 | D:3      | Noticed a kobold brigand
  2243 | D:3      | 2243 ||| FLEEEEING.
  2244 | D:3      | 2244 ||| FLEEEEING.
  2245 | D:3      | 2245 ||| FLEEEEING.
  2246 | D:3      | 2246 ||| FLEEEEING.
  2247 | D:3      | 2247 ||| FLEEEEING.
  2248 | D:3      | 2248 ||| FLEEEEING.
  2250 | D:3      | 2250 ||| FLEEEEING.
  2251 | D:3      | 2251 ||| FLEEEEING.
  2253 | D:3      | 2253 ||| FLEEEEING.
  2254 | D:3      | 2254 ||| FLEEEEING.
  2271 | D:3      | HP: 5/23 [kobold brigand/+0 club (4)]
  2272 | D:3      | 2272 ||| READING scroll of teleportation.
  2272 | D:3      | Slain by a kobold brigand

Levels and vault maps discovered:
D:1:      dpeg_arrival_rhombi, layout_basic
D:2:      layout_loops_corners, basic_altar, serial_shops, shop,
          nicolae_shop_pleasant_corner_grove, nicolae_shop_tiny_real_fake_doors,
          shop, shop
D:3:      cheibrodos_thug_alley, layout_basic

Skill      XL: |  1  2  3  4 |
---------------+-------------+-----
Dodging        | 3 4 5 |  5.0
Ranged Weapons | 5 |  5.0
Fighting       | 2 |  2.0
Stealth        | |  1.5

Action                     |  1- 3 |  4- 6 || total
---------------------------+-------+-------++-------
   Fire: Shortbow          |   126 |    55 ||   181
    Use: Scroll            |     6 |     1 ||     7
         Potion            |     1 |       ||     1
 Armour: Robe              |    12 |     7 ||    19
  Dodge: Dodged            |    28 |     9 ||    37

Table legend:
 A = Non-vault XP
 B = Vault XP
 C = Vault XP percentage of total XP
 D = Non-vault monster count
 E = Vault monster count
 F = Vault count percentage of total count
                 A         B        C        D         E       F
            +---------+---------+-------+---------+---------+-------
      Total |     161 |      11 |   6.4 |      57 |       7 |  10.9
            +---------+---------+-------+---------+---------+-------
        D:1 |      30 |       0 |   0.0 |      14 |       0 |   0.0
        D:2 |      39 |       0 |   0.0 |      20 |       0 |   0.0
        D:3 |      92 |      11 |  10.7 |      23 |       7 |  23.3
            +---------+---------+-------+---------+---------+-------
